AoeStats
← Death_Rider

Black Forest

506679485Analyzed
1v1 RM · 19d ago on Sep 14, 2026· 50m 25s· 2 players
Game mode
Random Map
Map size
Tiny (2 player)
Population
200
Speed
Normal
Resources
Standard
Victory
Conquest
Starting age
Dark Age
Ending age
Imperial Age
RankedLock teamsTeams togetherTeam positionsShared explorationLock speedFull tech treeHidden civsTurbo modeCheats
Victory
Defeat
🇩🇪 Celts · Germany
1027
+18
🇲🇽 Koreans · Mexico
1068
-18
somohano89
0:56 Loom
14:28 Feudal Age
15:27 Double-Bit Axe
18:49 Castle Age
18:44 Fletching
21:02 Bow Saw
20:53 Stone Mining
21:13 Horse Collar
26:13 Imperial Age
25:07 Gold Mining
25:26 Town Watch
26:23 Wheelbarrow
27:07 Town Patrol
29:12 Bodkin Arrow
32:56 Bracer
33:24 Conscription
34:26 Forging
34:17 Scale Mail Armor
35:53 Forging
35:43 Scale Mail Armor
37:14 Chemistry
36:11 Murder Holes
36:28 Fortified Wall
37:37 Eupseong
37:48 Scale Barding Armor
38:01 Chain Mail Armor
38:22 Iron Casting
37:10 Pikeman
37:50 Squires
37:36 Gambesons
37:36 Arson
37:40 Halberdier
39:57 Two-Man Saw
Death_Rider
11:12 Feudal Age
11:50 Double-Bit Axe
11:57 Horse Collar
18:09 Castle Age
16:26 Fishing Lines
16:53 Stone Mining
18:20 Fishing Lines
20:13 Loom
20:13 Town Watch
20:25 Gold Mining
22:05 Fletching
24:20 Wheelbarrow
24:23 Town Patrol
24:19 Gillnets
25:30 Bodkin Arrow
26:05 Heavy Plow
30:22 Imperial Age
28:36 Gold Shaft Mining
28:38 Bow Saw
29:17 Fortified Wall
28:50 Treadmill Crane
29:53 Stone Shaft Mining
30:50 Forging
31:09 Scale Barding Armor
31:05 Padded Archer Armor
31:49 Conscription
31:41 Furor Celtica
31:26 Stronghold
32:12 Hoardings
32:05 Capped Ram
33:51 Chemistry
32:47 Cavalier
33:27 Husbandry
33:57 Chain Barding Armor
34:12 Iron Casting
36:25 Iron Casting
35:51 Scale Mail Armor
36:25 Paladin
38:34 Blast Furnace
37:28 Heavy Scorpion
38:40 Ballistics
38:40 Chain Mail Armor
37:48 Pikeman
38:22 Onager
42:26 Plate Mail Armor
42:19 Siege Onager
43:02 Halberdier
43:27 Arson
44:02 Elite Woad Raider
46:13 Siege Ram
46:26 Light Cavalry
49:10 Hussar
Connection lost

Rejoining the realm…

Still unreachable

The connection could not be restored.

Session expired

The server has moved on; the page needs a fresh start.